[Event "Titled Tuesday Blitz July 4 Late 2023"]
[White "Horokoskii"]
[Black "Pinheiro, Iung Alicio de O."]
[BlackFideId "2104350"]
[WhiteElo "2111"]
[BlackElo "2559"]
[Result "0-1"]
[Round "10"]
[TimeControl "180+2"]
[Date "2023.07.04"]
[WhiteClock "0:01:34"]
[BlackClock "0:01:36"]
[Board "87"]

1. d4 Nf6 2. c4 Nc6 3. Nf3 e6 4. g3 Bb4+ 5. Bd2 Qe7 6. Bg2 Bxd2+ 7. Nbxd2 d6 8. O-O a5 9. e4 e5 10. d5 Nb8 11. Rc1 Na6 12. a3 O-O 13. Nb1 Nxe4 14. Qe2 Nec5 15. Nc3 a4 16. h4 Bf5 17. h5 Bd3 18. Qe3 Bxf1 19. Bxf1 f5 20. Kg2 f4 21. Qe1 fxg3 22. fxg3 Qf7 23. Be2 Qxh5 24. Qd2 Nb3 0-1


[Site "https://www.chess.com"]

[Event "Titled Tuesday Blitz July 4 Late 2023"]
[White "D`Arruda, Ricardo D."]
[Black "Haitin, Ilja"]
[WhiteFideId "100692"]
[BlackFideId "4501764"]
[WhiteElo "2538"]
[BlackElo "2331"]
[Result "0-1"]
[Round "10"]
[TimeControl "180+2"]
[Date "2023.07.04"]
[WhiteClock "0:01:19"]
[BlackClock "0:00:19"]
[Board "88"]

1. d4 e6 2. Nf3 f5 3. e3 b6 4. c4 Bb4+ 5. Nbd2 Bb7 6. a3 Bxd2+ 7. Bxd2 Nf6 8. Be2 d6 9. O-O O-O 10. b4 Nbd7 11. Bc3 Ne4 12. Bb2 g5 13. Re1 g4 14. Nd2 Qh4 15. Nxe4 Bxe4 16. Bd3 Nf6 17. Qe2 Bxd3 18. Qxd3 Ne4 19. Re2 Rf6 20. f3 Rh6 21. fxe4 Qxh2+ 22. Kf1 Qh1+ 23. Kf2 g3+ 24. Kxg3 Qh4+ 25. Kf3 fxe4+ 26. Qxe4 Rf8+ 27. Qf4 Rxf4+ 28. exf4 Qh5+ 29. Kf2 Qg4 30. Bc1 Rh2 31. Kf1 Rh1+ 32. Kf2 Rxc1 33. Rxc1 Qxf4+ 34. Kg1 Qxc1+ 35. Kf2 Qxc4 36. Rd2 Qc3 37. Ke2 Qxa3 38. Rd3 Qxb4 39. Rg3+ Kf7 40. Rf3+ Ke7 41. Rd3 a5 42. g4 a4 43. g5 a3 0-1


[Site "https://www.chess.com"]

[Event "Titled Tuesday Blitz July 4 Late 2023"]
[White "Estrada Nieto, Julian"]
[Black "Gerbelli Neto, Eduardo"]
[WhiteFideId "5101018"]
[BlackFideId "2103281"]
[WhiteElo "2522"]
[BlackElo "2318"]
[Result "1/2-1/2"]
[Round "10"]
[TimeControl "180+2"]
[Date "2023.07.04"]
[WhiteClock "0:00:08"]
[BlackClock "0:00:04"]
[Board "89"]

1. e4 e5 2. Nf3 Nc6 3. Bb5 a6 4. Bxc6 dxc6 5. O-O Bg4 6. h3 h5 7. d3 Qf6 8. Be3 Bxf3 9. Qxf3 Qxf3 10. gxf3 Bd6 11. Nd2 Ne7 12. Rfb1 a5 13. a4 f5 14. Bg5 f4 15. Bxe7 Kxe7 16. Kf1 g5 17. Ke2 Rag8 18. Rg1 Rg6 19. Nc4 b6 20. c3 Rhg8 21. Rg2 Kf6 22. Rag1 Bc5 23. Rd1 g4 24. fxg4 hxg4 25. hxg4 Rxg4 26. Rxg4 Rxg4 27. d4 exd4 28. cxd4 Bb4 29. Kf3 Rh4 30. Ne5 c5 31. Nd3 cxd4 32. Nxf4 Bd6 33. Nd3 c5 34. b3 Rh3+ 35. Ke2 Rh2 36. Rg1 Be5 37. Rg4 Rh1 38. f4 Bc7 39. f5 Rb1 40. Rg6+ Kf7 41. e5 Rxb3 42. Rc6 Bd8 43. f6 Ra3 44. Rc8 Bxf6 45. exf6 Kxf6 46. Rc6+ Kf5 47. Rxb6 Rxa4 48. Nxc5 Ra2+ 49. Kd3 a4 50. Kxd4 Ra1 51. Ra6 a3 52. Nb3 Ra2 53. Kc3 Kf4 54. Nd4 Ra1 55. Nc2 Ra2 56. Nxa3 Ke4 57. Kb3 Rh2 58. Ra4+ Kd5 59. Ra5+ Ke4 60. Nc2 Rh3+ 61. Kb4 Rh2 62. Rc5 Rd2 63. Rc4+ Ke5 64. Kc3 Rd8 65. Nb4 Rh8 66. Nd3+ Kd5 67. Rc5+ Kd6 68. Rg5 Rh3 69. Rg6+ Ke7 70. Kd4 Kf7 71. Ra6 Ke7 72. Nf4 Rh4 73. Ke5 Kd7 74. Rg6 Kc7 75. Nd5+ Kd7 76. Rg7+ Kc6 77. Rc7+ Kb5 78. Kd6 Rh6+ 79. Ke5 Rh5+ 80. Ke4 Rh4+ 81. Nf4 Kb6 82. Rg7 Kc6 83. Rg3 Kc5 84. Rd3 Kc4 85. Rd7 Kc5 86. Ke5 Kc6 87. Rd6+ Kc7 88. Rd4 Kc6 89. Rc4+ Kb5 90. Re4 Rg4 91. Kf5 Rh4 92. Re5+ Kc4 93. Ne6 Rh5+ 94. Ng5 Rh6 95. Re4+ Kc5 96. Rg4 Kc6 97. Ne4 Rh5+ 98. Ke6 Rh6+ 99. Nf6 Rh3 100. Rc4+ Kb5 101. Rc8 Re3+ 102. Kd5 Rd3+ 103. Ke6 Rf3 104. Ne4 Kb6 105. Nd6 Re3+ 106. Kd7 1/2-1/2


[Site "https://www.chess.com"]

[Event "Titled Tuesday Blitz July 4 Late 2023"]
[White "a-z30"]
[Black "Vaglio Munoz, Jaime"]
[BlackFideId "6500145"]
[WhiteElo "2467"]
[BlackElo "2307"]
[Result "1-0"]
[Round "10"]
[TimeControl "180+2"]
[Date "2023.07.04"]
[WhiteClock "0:01:24"]
[BlackClock "0:01:30"]
[Board "90"]

1. d3 b5 2. Nf3 Bb7 3. g3 Bxf3 4. exf3 c6 5. f4 e6 6. Bg2 g6 7. O-O Bg7 8. Nd2 Ne7 9. Nf3 O-O 10. c3 a5 11. d4 a4 12. a3 d6 13. Re1 d5 14. h4 h5 15. Bh3 Nd7 16. Ng5 Nf5 17. g4 hxg4 18. Bxg4 Nxh4 19. Re3 Nf5 20. Rh3 Nf6 21. Bxf5 exf5 22. Qf3 Re8 23. Be3 Ng4 24. Qh1 f6 25. Rh8+ Bxh8 26. Qh7+ Kf8 27. Qf7# 1-0


[Site "https://www.chess.com"]

[Event "Titled Tuesday Blitz July 4 Late 2023"]
[White "Kostiukov, Alexandr"]
[Black "Luong Phuong Hanh"]
[WhiteFideId "14108100"]
[BlackFideId "12401013"]
[WhiteElo "2300"]
[BlackElo "2458"]
[Result "0-1"]
[Round "10"]
[TimeControl "180+2"]
[Date "2023.07.04"]
[WhiteClock "0:00:23"]
[BlackClock "0:01:06"]
[Board "91"]

1. g3 e5 2. c4 Nf6 3. Bg2 c6 4. d4 e4 5. Nc3 d5 6. cxd5 cxd5 7. Bg5 Nc6 8. Nh3 Be7 9. Nf4 O-O 10. O-O h6 11. Bxf6 Bxf6 12. e3 Be6 13. f3 exf3 14. Qxf3 Bg5 15. Ncxd5 Bxd5 16. Nxd5 Rc8 17. h4 Be7 18. Nxe7+ Qxe7 19. Rac1 Rce8 20. Rc3 Qb4 21. Rb3 Qa4 22. Rxb7 Nd8 23. Rxf7 Rxf7 24. Qd5 Qd7 25. Qb3 Kh8 26. Rf4 Rxf4 27. gxf4 Qe6 28. Qxe6 Nxe6 29. Kf2 Rb8 30. b3 Nc7 31. Bc6 Rd8 32. Kf3 Kg8 33. Ke4 Kf8 34. d5 Ke7 35. Ke5 Ne8 36. e4 Nf6 37. b4 Ng4+ 38. Kf5 Ne3+ 39. Kg6 Ng2 40. f5 Kf8 41. f6 Nxh4+ 42. Kh5 Nf3 43. Kg6 Ne5+ 44. Kf5 Nxc6 45. dxc6 gxf6 46. b5 h5 47. a4 Kf7 48. a5 Rb8 49. c7 Rxb5+ 50. Kf4 Rc5 0-1


[Site "https://www.chess.com"]

[Event "Titled Tuesday Blitz July 4 Late 2023"]
[White "CarolinaLujan"]
[Black "Buchenau, Frank"]
[BlackFideId "4604350"]
[WhiteElo "2292"]
[BlackElo "2404"]
[Result "1-0"]
[Round "10"]
[TimeControl "180+2"]
[Date "2023.07.04"]
[WhiteClock "0:01:35"]
[BlackClock "0:00:19"]
[Board "92"]

1. e4 e6 2. Qe2 c5 3. g3 Nc6 4. Bg2 g6 5. c3 Bg7 6. Nf3 e5 7. O-O Nge7 8. d3 O-O 9. a3 a5 10. a4 d5 11. exd5 Nxd5 12. Na3 h6 13. Nb5 Re8 14. Nd2 f5 15. Nc4 Re6 16. Bxd5 Qxd5 17. Nc7 Qd8 18. Nxa8 Bd7 19. Nab6 Be8 20. Be3 Bf8 21. Qf3 e4 22. dxe4 Rxe4 23. Rad1 Qc7 24. Nd5 Qf7 25. b3 Bd7 26. Ncb6 Be6 27. Rfe1 Ne5 28. Qg2 g5 29. f3 1-0


[Site "https://www.chess.com"]

[Event "Titled Tuesday Blitz July 4 Late 2023"]
[White "Santos, Rafael Ventura Dos"]
[Black "Silva Lucena, Cristian"]
[WhiteFideId "2122227"]
[BlackFideId "2232588"]
[WhiteElo "2280"]
[BlackElo "2401"]
[Result "1-0"]
[Round "10"]
[TimeControl "180+2"]
[Date "2023.07.04"]
[WhiteClock "0:01:07"]
[BlackClock "0:00:00"]
[Board "93"]

1. e4 e5 2. Nf3 Nc6 3. Bc4 Nf6 4. d3 Bc5 5. Nc3 O-O 6. O-O h6 7. Be3 Bb6 8. a3 d6 9. Nd5 Nxd5 10. Bxd5 Ne7 11. Ba2 Kh7 12. d4 exd4 13. Nxd4 Ng6 14. f4 Qe7 15. f5 Ne5 16. f6 gxf6 17. Qh5 Ng4 18. Nf5 Bxe3+ 19. Kh1 Bxf5 20. Qxf5+ Kh8 21. Qxg4 Rg8 22. Qf5 Rg6 23. Rf3 Bd4 24. c3 Be5 25. Raf1 Rag8 26. Rh3 Kh7 27. Qh5 Qf8 28. g3 c6 29. Bc4 b5 30. Be2 Rg5 31. Qh4 d5 32. exd5 cxd5 33. Bxb5 d4 34. Bd3+ R8g6 35. cxd4 Bc7 36. Bxg6+ Rxg6 37. Qe4 Qd6 38. Rh4 Bb6 39. Kg2 Kg7 40. Rf5 Qd7 41. Rhf4 Qa4 42. Rxf6 Rxf6 43. Qe5 Qc2+ 44. Kh3 Qg6 45. Rg4 h5 46. Qxh5 Bd8 47. Rxg6+ fxg6 48. Qe5 Kf7 49. d5 Be7 50. b4 a6 51. Kg4 Rd6 52. h4 Rf6 53. h5 gxh5+ 54. Qxh5+ Kg7 55. Qe5 Kf7 56. Kh3 Bd6 57. Qh5+ Rg6 58. g4 Kg7 59. Qf5 Rf6 60. Qd7+ Kg6 61. Kh4 1-0


[Site "https://www.chess.com"]

[Event "Titled Tuesday Blitz July 4 Late 2023"]
[White "Sailer, Mike"]
[Black "Slovineanu, Viacheslav"]
[WhiteFideId "2012901"]
[BlackFideId "13900510"]
[WhiteElo "2153"]
[BlackElo "2349"]
[Result "0-1"]
[Round "10"]
[TimeControl "180+2"]
[Date "2023.07.04"]
[WhiteClock "0:00:46"]
[BlackClock "0:00:25"]
[Board "95"]

1. d4 Nf6 2. Nc3 d5 3. Bf4 a6 4. e3 e6 5. Nf3 c5 6. Ne5 Bd6 7. Be2 Qc7 8. Bg3 Nbd7 9. f4 b5 10. O-O b4 11. Nb1 a5 12. Nd2 Ba6 13. Ndf3 Bxe2 14. Qxe2 Ne4 15. Be1 O-O 16. Nxd7 Qxd7 17. Ne5 Qc7 18. Rf3 Rfc8 19. Rh3 cxd4 20. exd4 Bxe5 21. fxe5 Qxc2 22. Qh5 h6 23. Rf3 Ra7 24. Bh4 Qxb2 25. Raf1 Qxd4+ 26. Kh1 Rf8 27. Bf6 Rc7 28. Qg4 Nf2+ 29. R3xf2 Qxg4 0-1


[Site "https://www.chess.com"]

[Event "Titled Tuesday Blitz July 4 Late 2023"]
[White "Saucey, Michel"]
[Black "Grinev, Valeriy"]
[WhiteFideId "601845"]
[BlackFideId "14117517"]
[WhiteElo "2276"]
[BlackElo "2548"]
[Result "1-0"]
[Round "10"]
[TimeControl "180+2"]
[Date "2023.07.04"]
[WhiteClock "0:00:15"]
[BlackClock "0:01:09"]
[Board "96"]

1. d4 d5 2. c4 Nf6 3. cxd5 Nxd5 4. Nf3 Nb6 5. e4 g6 6. h3 Bg7 7. Nc3 O-O 8. Be3 Nc6 9. Be2 e5 10. d5 Ne7 11. g4 f5 12. gxf5 gxf5 13. Rg1 fxe4 14. Bh6 Nf5 15. Bxg7 Nxg7 16. Nd2 Kh8 17. Ndxe4 Nxd5 18. Qxd5 Qh4 19. O-O-O Bf5 20. Qxe5 Bg6 21. Bc4 Rae8 22. Qg3 Qh6+ 23. Kb1 Bxe4+ 24. Nxe4 Rxe4 25. Rd7 Rxc4 26. Rxg7 Rc1+ 27. Rxc1 Qxg7 28. Qxg7+ Kxg7 29. Rxc7+ Kh6 30. Rxb7 Rxf2 31. Rxa7 Rf1+ 32. Kc2 Rf2+ 33. Kc3 Rf3+ 34. Kc4 Rxh3 35. b4 Rh1 36. b5 Rc1+ 37. Kb4 Kg6 38. Ra3 h5 39. b6 Rc8 40. Kb5 Kg5 41. Rb3 Kg4 42. a4 h4 43. a5 h3 44. Rxh3 Kxh3 45. b7 Rg8 46. a6 Kg4 47. a7 Rg5+ 48. Kc4 Rg8 49. b8=Q Rxb8 50. axb8=Q 1-0


[Site "https://www.chess.com"]

[Event "Titled Tuesday Blitz July 4 Late 2023"]
[White "rionelG"]
[Black "Herman, Matthew"]
[BlackFideId "2028964"]
[WhiteElo "2259"]
[BlackElo "2433"]
[Result "0-1"]
[Round "10"]
[TimeControl "180+2"]
[Date "2023.07.04"]
[WhiteClock "0:00:00"]
[BlackClock "0:02:02"]
[Board "97"]

1. e4 c5 2. g3 Nc6 3. Bg2 g6 4. Ne2 Bg7 5. c3 e5 6. d3 Nge7 7. Be3 b6 8. d4 exd4 9. cxd4 O-O 10. Nbc3 cxd4 11. Nxd4 Ba6 12. Qa4 Qc8 13. Rc1 Ne5 0-1


[Site "https://www.chess.com"]

[Event "Titled Tuesday Blitz July 4 Late 2023"]
[White "Sokolov, Andrei"]
[Black "KorolDimitriy75"]
[WhiteFideId "11600306"]
[WhiteElo "2262"]
[BlackElo "2411"]
[Result "0-1"]
[Round "10"]
[TimeControl "180+2"]
[Date "2023.07.04"]
[WhiteClock "0:00:00"]
[BlackClock "0:00:31"]
[Board "98"]

1. d4 Nf6 2. c4 c5 3. d5 b5 4. cxb5 a6 5. bxa6 g6 6. Nc3 Bxa6 7. e3 Bxf1 8. Kxf1 d6 9. Nf3 Bg7 10. g3 O-O 11. Kg2 Nbd7 12. Nd2 Qa5 13. Qc2 Rfb8 14. Rb1 Nb6 15. e4 Na4 16. Nxa4 Qxa4 17. Qxa4 Rxa4 18. f3 Rxa2 19. Nc4 Nd7 20. Rd1 Rb4 21. Ne3 Bxb2 22. Bxb2 Rbxb2+ 23. Rxb2 Rxb2+ 24. Kh3 Rb3 25. Re1 Ne5 26. f4 Nd3 27. Re2 h5 28. Kg2 Rc3 29. Nf1 Nc1 30. Rb2 Nb3 31. Kf2 Nd4 32. Ne3 Rd3 33. Rb8+ Kg7 34. Rb2 Kf6 35. Ra2 Rb3 36. Rd2 Rb4 37. Rb2 Rxb2+ 0-1


[Site "https://www.chess.com"]

[Event "Titled Tuesday Blitz July 4 Late 2023"]
[White "Thiel, Thomas"]
[Black "Prydun, Andriy"]
[WhiteFideId "4615964"]
[BlackFideId "14145898"]
[WhiteElo "2219"]
[BlackElo "2378"]
[Result "0-1"]
[Round "10"]
[TimeControl "180+2"]
[Date "2023.07.04"]
[WhiteClock "0:00:11"]
[BlackClock "0:00:30"]
[Board "99"]

1. e4 c5 2. Nc3 d6 3. f4 a6 4. Nf3 g6 5. a4 b6 6. Bc4 Bg7 7. O-O Nh6 8. d3 O-O 9. Qe1 Bb7 10. Qh4 e6 11. Qh3 d5 12. Ba2 b5 13. f5 Nxf5 14. exf5 gxf5 15. axb5 axb5 16. Nxb5 Qb6 17. Nc3 c4+ 18. Kh1 cxd3 19. cxd3 Nc6 20. Bh6 Qxb2 21. Bxg7 Kxg7 22. Qg3+ Kh8 23. Qe1 d4 24. Nxd4 Nxd4 25. Qe5+ f6 0-1


[Site "https://www.chess.com"]

[Event "Titled Tuesday Blitz July 4 Late 2023"]
[White "Bazilius, Augustinas"]
[Black "Cooper, Aaron"]
[WhiteFideId "12832251"]
[BlackFideId "2634945"]
[WhiteElo "2350"]
[BlackElo "2212"]
[Result "0-1"]
[Round "10"]
[TimeControl "180+2"]
[Date "2023.07.04"]
[WhiteClock "0:00:00"]
[BlackClock "0:01:23"]
[Board "100"]

1. d4 Nf6 2. Nc3 d5 3. Bf4 g6 4. e3 Bg7 5. h4 a6 6. Nf3 Bg4 7. Be2 c5 8. dxc5 Qa5 9. Nd4 Bxe2 10. Qxe2 Ne4 11. O-O Nxc3 12. bxc3 Qxc5 13. Rab1 b6 14. c4 O-O 15. cxd5 Qxd5 16. Rxb6 e5 17. c4 Qc5 18. Rb7 exd4 19. exd4 Qxd4 20. Rd1 Qxf4 21. Qc2 Nc6 22. Rb6 Ne5 0-1


[Site "https://www.chess.com"]

[Event "Titled Tuesday Blitz July 4 Late 2023"]
[White "Zhou, Qiyu"]
[Black "Ferriz Barrios, Andres"]
[WhiteFideId "505161"]
[BlackFideId "5104467"]
[WhiteElo "2349"]
[BlackElo "2198"]
[Result "1-0"]
[Round "10"]
[TimeControl "180+2"]
[Date "2023.07.04"]
[WhiteClock "0:00:04"]
[BlackClock "0:00:48"]
[Board "101"]

1. e4 e6 2. d4 d5 3. Nc3 dxe4 4. Nxe4 Nd7 5. Nf3 Ngf6 6. Bd3 b6 7. c3 Bb7 8. Qc2 Be7 9. Be3 O-O 10. O-O-O Re8 11. Rhg1 Nxe4 12. Bxe4 Bxe4 13. Qxe4 Nf6 14. Qc2 Qd5 15. Kb1 Qe4 16. Nd2 Qxc2+ 17. Kxc2 Rad8 18. f3 Nd5 19. Bf2 c5 20. dxc5 Bxc5 21. Bxc5 bxc5 22. Nc4 Rb8 23. b3 Red8 24. Rd2 a5 25. a4 Rd7 26. Rgd1 Ra7 27. Rd3 g6 28. g3 Re7 29. Ne3 Nxe3+ 30. Rxe3 Reb7 31. c4 Kg7 32. Rd6 Rb6 33. Red3 Kf6 34. Rxb6 Rxb6 35. Kc3 Ke5 36. Re3+ Kd6 37. Rd3+ Ke5 38. Rd8 Rd6 39. Ra8 Rd1 40. Rxa5 Kd6 41. Ra6+ Kc7 42. Ra7+ Kb6 43. Rxf7 Rh1 44. Rxh7 Rf1 45. Rf7 g5 46. Rf6 Ka5 47. f4 Rf3+ 48. Kb2 gxf4 49. Rxf4 Re3 50. Rf8 Re2+ 51. Ka3 Rxh2 52. Ra8+ Kb6 53. Rb8+ Kc7 54. Re8 Kd7 55. Rg8 Rh1 56. Kb2 Rh2+ 57. Kc3 Rf2 58. Rg7+ Kd6 59. Rg4 Kc6 60. Rf4 Rg2 61. Rf3 e5 62. Re3 Kb6 63. Rxe5 Rxg3+ 64. Kb2 Rg2+ 65. Ka3 Rh2 66. Re6+ Ka5 67. Re8 Rh1 68. Ra8+ Kb6 69. Rb8+ Kc7 70. Rb5 Kc6 71. a5 Ra1+ 72. Kb2 Rh1 73. Rb6+ Kc7 74. Kc3 Rh3+ 75. Kc2 Rh2+ 76. Kd3 Ra2 77. Rb5 Kc6 78. Ke4 Re2+ 79. Kd3 Ra2 80. Ke4 Re2+ 81. Kf5 Ra2 82. Ke6 Re2+ 83. Kf7 Ra2 84. Ke8 Re2+ 85. Kd8 Ra2 86. Kc8 Kd6 87. Kb7 Rg2 88. a6 Rg7+ 89. Kb6 Rc7 90. a7 Rc6+ 91. Kb7 Rc7+ 92. Ka6 Rc8 93. Rb8 Rc6+ 94. Rb6 Rxb6+ 95. Kxb6 1-0


[Site "https://www.chess.com"]

[Event "Titled Tuesday Blitz July 4 Late 2023"]
[White "Vila Dupla, Aurelio"]
[Black "Zherebtsova, Alexandra"]
[WhiteFideId "2203383"]
[BlackFideId "24129518"]
[WhiteElo "2178"]
[BlackElo "2342"]
[Result "0-1"]
[Round "10"]
[TimeControl "180+2"]
[Date "2023.07.04"]
[WhiteClock "0:00:00"]
[BlackClock "0:00:09"]
[Board "102"]

1. Nf3 d5 2. d4 Nf6 3. c4 e6 4. cxd5 exd5 5. Nc3 c6 6. Qc2 h6 7. Bf4 Bd6 8. Bxd6 Qxd6 9. e3 O-O 10. Bd3 Re8 11. O-O Nbd7 12. h3 Qe7 13. Rab1 a5 14. a3 Ne4 15. Na4 Rb8 16. Rfc1 b5 17. Nc3 Bb7 18. Ne2 f5 19. Re1 Nb6 20. Ne5 Nc4 21. Nc1 Nxe5 22. dxe5 Qxe5 23. Ne2 Rbc8 24. Rbc1 Ba6 25. b4 a4 26. Bxe4 fxe4 27. Qc3 Qxc3 28. Rxc3 Rf8 29. Rec1 Rf6 30. Nf4 Rd6 31. h4 Bb7 32. h5 Rf8 33. g3 Rff6 34. Kf1 Bc8 35. Ne2 Bb7 36. Nd4 Kf8 37. Ke2 Ke8 38. Rg1 Bc8 39. g4 Bd7 40. Nf5 Bxf5 41. gxf5 Kf7 42. Rg6 Kg8 43. Rc1 Kf7 44. Rc2 Rxg6 45. fxg6+ Kf6 46. Rc1 Kg5 47. Rh1 Rf6 48. Rh3 Kg4 0-1


[Site "https://www.chess.com"]

[Event "Titled Tuesday Blitz July 4 Late 2023"]
[White "Hartikainen, Jarmo"]
[Black "Shapiro, Daniel"]
[WhiteFideId "503134"]
[BlackFideId "2001780"]
[WhiteElo "2171"]
[BlackElo "2335"]
[Result "0-1"]
[Round "10"]
[TimeControl "180+2"]
[Date "2023.07.04"]
[WhiteClock "0:00:00"]
[BlackClock "0:00:31"]
[Board "103"]

1. e4 e5 2. Nf3 Nc6 3. Bc4 Be7 4. c3 Nf6 5. Qe2 a6 6. a4 O-O 7. O-O h6 8. h3 Re8 9. d4 d6 10. Rd1 Bf8 11. d5 Nb8 12. Nbd2 g6 13. Nf1 Nh5 14. Ng3 Nf4 15. Bxf4 exf4 16. Nf1 Nd7 17. Bd3 Bg7 18. Bc2 Ne5 19. Nxe5 Bxe5 20. Nh2 Bd7 21. Nf3 Bg7 22. Nd4 Qf6 23. f3 g5 24. Re1 h5 25. Rad1 Re5 26. c4 Rae8 27. b4 g4 28. hxg4 hxg4 29. Kf1 Qh4 30. Qf2 Qh6 31. Ke2 f5 32. Rh1 Qg5 33. Kd3 fxe4+ 34. fxe4 Rxe4 35. Qh4 Rxd4+ 0-1


[Site "https://www.chess.com"]

[Event "Titled Tuesday Blitz July 4 Late 2023"]
[White "The_Straightforward_Rook"]
[Black "Oliveira, Tiago Batista"]
[BlackFideId "2108291"]
[WhiteElo "2324"]
[BlackElo "2166"]
[Result "1-0"]
[Round "10"]
[TimeControl "180+2"]
[Date "2023.07.04"]
[WhiteClock "0:00:19"]
[BlackClock "0:00:02"]
[Board "104"]

1. d4 Nf6 2. c4 g6 3. h4 d5 4. cxd5 Bf5 5. Qb3 Qxd5 6. Nc3 Qxb3 7. axb3 Bg7 8. f3 Nc6 9. e4 Nxd4 10. Ra4 Nxb3 11. exf5 Nxc1 12. Rb4 O-O-O 13. g4 h5 14. g5 Nd5 15. Nxd5 Rxd5 16. Rh2 Nd3+ 17. Bxd3 Rxd3 18. fxg6 fxg6 19. Re2 Rd7 20. Nh3 e5 21. Nf2 Rhd8 22. Ne4 Rd1+ 23. Kf2 Rh1 24. Kg3 Rdd1 25. Nf6 Rdg1+ 26. Kf2 Rf1+ 27. Ke3 Bf8 28. Re4 Bc5+ 29. Kd3 Rd1+ 30. Kc4 b6 31. Rxe5 Rd4+ 32. Kb3 Rhd1 33. Ne4 Rb4+ 34. Kc2 Rdd4 35. Re6 Rbc4+ 36. Nc3 Rxh4 37. Rxg6 Rh3 38. Rf6 h4 39. g6 Bd4 40. Rf7 Rg3 41. Kd3 b5 42. Nxb5 c5 43. Kxc4 Rxg6 44. Re8# 1-0


[Site "https://www.chess.com"]

[Event "Titled Tuesday Blitz July 4 Late 2023"]
[White "Kukavica, Tony"]
[Black "Tsukerman, Julia"]
[WhiteFideId "2062542"]
[BlackFideId "2621649"]
[WhiteElo "2292"]
[BlackElo "2103"]
[Result "1-0"]
[Round "10"]
[TimeControl "180+2"]
[Date "2023.07.04"]
[WhiteClock "0:02:21"]
[BlackClock "0:01:51"]
[Board "105"]

1. d4 d5 2. Nf3 Nf6 3. c4 e6 4. Nc3 Be7 5. Bf4 O-O 6. e3 b6 7. h3 Bb7 8. Be2 dxc4 9. Bxc4 Nbd7 10. Qe2 c5 11. O-O Rc8 12. Rfd1 Qe8 13. Bb5 Bc6 14. Ba6 Ra8 15. Ne5 Nxe5 16. dxe5 Nd5 17. Nxd5 exd5 18. Bd3 h6 19. Qg4 Kh8 20. Bxh6 gxh6 21. Qf5 1-0


[Site "https://www.chess.com"]

[Event "Titled Tuesday Blitz July 4 Late 2023"]
[White "Mangialardo, Tiago Carvalho"]
[Black "Antonio, Jorge Carlos"]
[WhiteFideId "2130718"]
[BlackFideId "113190"]
[WhiteElo "2128"]
[BlackElo "2286"]
[Result "0-1"]
[Round "10"]
[TimeControl "180+2"]
[Date "2023.07.04"]
[WhiteClock "0:00:00"]
[BlackClock "0:01:26"]
[Board "106"]

1. e4 c5 2. Nf3 d6 3. Bb5+ Bd7 4. Bxd7+ Nxd7 5. O-O e6 6. c3 a6 7. d4 Rc8 8. e5 d5 9. Ne1 cxd4 10. cxd4 Ne7 11. Bg5 h6 12. Bh4 g5 13. Bg3 Nf5 14. f4 Qb6 15. Bf2 Be7 16. Nd2 Rg8 17. Nb3 a5 18. Rc1 Rc6 19. Rxc6 bxc6 20. Qd2 a4 21. Nc5 Nxc5 22. dxc5 Bxc5 23. Nd3 Bxf2+ 24. Rxf2 g4 25. Qc3 Kd7 26. Qa3 g3 27. hxg3 Rxg3 28. Kf1 Qb5 29. Ke2 Nd4+ 30. Kd1 Rxd3+ 0-1


[Site "https://www.chess.com"]

[Event "Titled Tuesday Blitz July 4 Late 2023"]
[White "Zampronha, Wladimir Camilo"]
[Black "Upper, John"]
[WhiteFideId "2103087"]
[BlackFideId "2606437"]
[WhiteElo "2284"]
[BlackElo "1955"]
[Result "0-1"]
[Round "10"]
[TimeControl "180+2"]
[Date "2023.07.04"]
[WhiteClock "0:01:42"]
[BlackClock "0:01:08"]
[Board "107"]

1. e4 c5 2. Nf3 Nc6 3. d4 cxd4 4. Nxd4 Nf6 5. Nc3 e5 6. Ndb5 d6 7. Bg5 a6 8. Bxf6 gxf6 9. Na3 b5 10. Nd5 Bg7 11. Bd3 Ne7 12. c4 Qa5+ 13. Kf1 Nxd5 14. cxd5 O-O 15. Nc2 Kh8 16. Ne3 Qb4 17. Qe2 Rg8 18. h4 Bh6 19. g3 Qd4 20. Nc2 Qxb2 21. Kg2 Bd7 22. Qh5 Rg6 23. a4 Bg4 0-1


[Site "https://www.chess.com"]

[Event "Titled Tuesday Blitz July 4 Late 2023"]
[White "BenchGM"]
[Black "Sainz Aguirre, Ignacio"]
[BlackFideId "5101727"]
[WhiteElo "2349"]
[BlackElo "1977"]
[Result "1-0"]
[Round "10"]
[TimeControl "180+2"]
[Date "2023.07.04"]
[WhiteClock "0:00:32"]
[BlackClock "0:00:05"]
[Board "108"]

1. e4 e6 2. d4 d5 3. Nd2 c5 4. exd5 Qxd5 5. Ngf3 cxd4 6. Bc4 Qd6 7. O-O Nf6 8. Nb3 Nc6 9. Qe2 Be7 10. Rd1 Qc7 11. Nbxd4 Nxd4 12. Rxd4 O-O 13. Bf4 Qb6 14. Bb3 Bc5 15. Rd2 Re8 16. Rad1 Ng4 17. Bg3 Nf6 18. Bd6 Bxd6 19. Rxd6 Qc7 20. Qd3 h6 21. Ne5 a5 22. c4 a4 23. Bc2 Ra5 24. f4 Qc5+ 25. Kf1 a3 26. b3 Qc7 27. Rd8 Qe7 28. Rxe8+ Qxe8 29. Qd8 Kf8 30. Qxa5 1-0


[Site "https://www.chess.com"]

[Event "Titled Tuesday Blitz July 4 Late 2023"]
[White "Alimpic, Aleksa"]
[Black "Sanchez, Robert"]
[WhiteFideId "974323"]
[BlackFideId "2034360"]
[WhiteElo "2320"]
[BlackElo "2201"]
[Result "0-1"]
[Round "10"]
[TimeControl "180+2"]
[Date "2023.07.04"]
[WhiteClock "0:00:00"]
[BlackClock "0:00:17"]
[Board "109"]

1. Nf3 Nf6 2. g3 d5 3. Bg2 Nc6 4. d4 Bf5 5. c3 Qd7 6. O-O Bh3 7. Nbd2 Bxg2 8. Kxg2 h5 9. Re1 O-O-O 10. e4 dxe4 11. Nxe4 Nxe4 12. Rxe4 e5 13. Nxe5 Nxe5 14. Rxe5 h4 15. Qf3 Bd6 16. Re1 hxg3 17. hxg3 Qh3+ 18. Kg1 Qh2+ 19. Kf1 Kb8 20. Be3 f5 21. Ke2 Qh7 22. Rh1 Qg6 23. Rxh8 Rxh8 24. Rh1 Re8 25. Kf1 f4 26. Bxf4 Rf8 27. Qh5 Qb1+ 28. Kg2 Qxb2 29. Re1 a6 30. Re8+ Rxe8 31. Qxe8+ Ka7 32. Bxd6 cxd6 33. Qe3 Qxa2 34. d5+ Kb8 35. Qe8+ Ka7 36. Qe3+ Ka8 37. Qe8+ Ka7 38. Qe6 Qa3 39. g4 Qc5 40. g5 a5 41. g6 a4 0-1


[Site "https://www.chess.com"]

[Event "Titled Tuesday Blitz July 4 Late 2023"]
[White "Cardozo Munar, Carlos Eduardo"]
[Black "Schachpanda_Youtube"]
[WhiteFideId "4409477"]
[WhiteElo "2314"]
[BlackElo "2214"]
[Result "1-0"]
[Round "10"]
[TimeControl "180+2"]
[Date "2023.07.04"]
[WhiteClock "0:01:42"]
[BlackClock "0:00:56"]
[Board "110"]

1. e4 d6 2. Nf3 Nf6 3. Nc3 g6 4. Bc4 Bg7 5. O-O O-O 6. Re1 c6 7. d4 b5 8. Bb3 a5 9. e5 Ne8 10. Bg5 a4 11. exd6 Qxd6 12. Bxe7 Qf4 13. Bxf8 Kxf8 14. Nd5 cxd5 15. Bxd5 Ra7 16. Qe2 Bd7 17. Qe7+ Kg8 18. Re4 Qf6 19. Ng5 Qxe7 20. Rxe7 Nd6 21. Nxf7 Nxf7 22. Rxf7 Kh8 23. Re1 Bc6 24. Rxa7 Bxd5 25. Re8+ Bg8 26. Rxb8 1-0


[Site "https://www.chess.com"]

[Event "Titled Tuesday Blitz July 4 Late 2023"]
[White "Lutz, Igor Oscar"]
[Black "Graham, Nathaniel"]
[WhiteFideId "2110806"]
[BlackFideId "2007983"]
[WhiteElo "1999"]
[BlackElo "2068"]
[Result "0-1"]
[Round "10"]
[TimeControl "180+2"]
[Date "2023.07.04"]
[WhiteClock "0:01:09"]
[BlackClock "0:01:44"]
[Board "111"]

1. d4 d5 2. c4 c6 3. Nf3 Nf6 4. g3 Bf5 5. Bg2 e6 6. Qb3 Qb6 7. c5 Qxb3 8. axb3 Nbd7 9. b4 a6 10. Nc3 Rd8 11. O-O Be7 12. Bf4 h6 13. Bc7 Rc8 14. Bf4 O-O 15. Rfe1 Ne4 16. Nxe4 Bxe4 17. Nd2 Bxg2 18. Kxg2 Bf6 19. Bd6 Rfe8 20. e3 e5 21. Nf3 exd4 22. exd4 Nf8 23. Ra3 Rxe1 24. Nxe1 Bxd4 25. Nd3 Re8 26. Ra1 Re2 27. Kf3 Rd2 28. Nf4 Rxf2+ 0-1


[Site "https://www.chess.com"]